 Dungeon Crawl Stone Soup version 0.17-a0-2122-g03d97ec (webtiles) character file.

3 Menchi the Grave Robber (level 1, -1/13 HPs)
             Began as a Human Wanderer on Oct 21, 2015.
             Slain by a hobgoblin
             ... wielding a +0 club
              (2 damage)
             ... on level 1 of the Dungeon.
             The game lasted 00:03:34 (108 turns).

Menchi the Grave Robber (Human Wanderer)             Turns: 108, Time: 00:03:34

Health: -1/13      AC:  2    Str: 12    XL:     1   Next: 55%
Magic:  3/4        EV: 11    Int: 13    God:
Gold:   9          SH:  0    Dex: 11    Spells: 2 memorised, 4 levels left

rFire  . . .     SeeInvis .     e - +0 club
rCold  . . .     Clarity  .     d - +0 robe
rNeg   . . .     SustAt   .     (no shield)
rPois  .         Gourm    .     (no helmet)
rElec  .         Spirit   .     (no cloak)
rCorr  .         Warding  .     (no gloves)
rMut   .         Stasis   .     (no boots)
MR     .....                    (no amulet)
Stlth  +.........               (no ring)
                                (no ring)

@: not resistant to hostile enchantments, very unstealthy
A: no striking features
a: no special abilities


You were on level 1 of the Dungeon.
You were not hungry.

You visited 1 branch of the dungeon, and saw 1 of its levels.

You collected 9 gold pieces.

Inventory:

Hand Weapons
 e - a +0 club (weapon)
Armour
 d - a +0 robe (worn)
Books
 a - a book of Minor Magic

   Spells                             Type                      Level
   a - Magic Dart                     Conjuration                  1
   b - Blink                          Translocation                2
   c - Call Imp                       Summoning                    2
   d - Repel Missiles                 Charms/Air                   2
   e - Slow                           Hexes                        2
   f - Conjure Flame                  Conjuration/Fire             3
   g - Mephitic Cloud                 Conjuration/Poison/Air       3
 b - Lehudib's Catalogue of Combat Magic

   Spells                             Type                      Level
   a - Sting                          Conjuration/Poison           1
   b - Static Discharge               Conjuration/Air              3
 c - the Volume of Necromancy

   Spells                             Type                      Level
   a - Animate Skeleton               Necromancy                   1
   b - Regeneration                   Charms/Necromancy            3
Comestibles
 f - a bread ration


   Skills:
   Level 2.0 Shields
 + Level 3.1 Spellcasting
   Level 1.0 Hexes
 * Level 3.1 Necromancy
   Level 1.0 Air Magic


You had 4 spell levels left.
You knew the following spells:

 Your Spells              Type           Power        Failure   Level  Hunger
a - Animate Skeleton      Necr           N/A          10%         1    #......
b - Magic Dart            Conj           #...         24%         1    #......


Dungeon Overview and Level Annotations

Branches:
Dungeon (1/15)

Altars:


Message History

The giant newt is severely wounded.
The giant newt bites you. The hobgoblin misses you.
The giant newt barely misses you.
You closely miss the giant newt.
The giant newt is severely wounded.
The hobgoblin hits you with a club. The giant newt bites you.
You hit the giant newt.
You kill the giant newt!
The hobgoblin hits you with a club.
* * * LOW HITPOINT WARNING * * *
Casting: Magic Dart
Confirm with . or Enter, or press ? or * to list all spells.
There is nothing here that can be animated!
Read which item? (? for menu, Esc to quit)
As you read the scroll labeled KESASO MATT, it crumbles to dust.
You feel aware of your surroundings.
It was a scroll of magic mapping.
The hobgoblin hits you with a club.
* * * LOW HITPOINT WARNING * * *
You barely miss the hobgoblin. The hobgoblin hits you with a club.
You die...

*,*
#..#,,,****,***,**
*,*
#..#,*#####,***,,,
*,*
#..#,*#..,..,,,,,,
******,*
#..#,*#.#**.###***
*,,,,,,* #..#,*#.#
*,..# *,******
#†.#.##.#####.# *,*
##..#..........#
*,*
#.g.####.#####.####
****,*****
#.@......# #.....
,,,,,,,,,*
#.######## #)####
,***,***,* #.# #.#
,***,* *,* #.# #.#
,*,,,* *,* #.#
#.### ,*,*** *,*
#.#******* #...#
,*,* *,* #..,,,,,,*
###.# ,*,* *,*
###*****,* #.# ,*,*
*,* *,* #.#


You could see a hobgoblin.

Vanquished Creatures
  A hobgoblin (D:1)
  A kobold (D:1)
  A giant newt (D:1)
3 creatures vanquished.

Notes
Turn   | Place    | Note
--------------------------------------------------------------
     0 | D:1      | Menchi the Human Wanderer began the quest for the Orb.
     0 | D:1      | Menchi set off with: a book of Minor Magic, Lehudib's Catalogue of Combat Magic, the Volume of Necromancy, a +0 robe, a +0 club, a bread ration
     0 | D:1      | Reached XP level 1. HP: 13/13 MP: 4/4
     1 | D:1      | Identified Lehudib's Catalogue of Combat Magic
     1 | D:1      | Identified the Volume of Necromancy
     3 | D:1      | Learned a level 1 spell: Animate Skeleton
     5 | D:1      | Learned a level 1 spell: Magic Dart
   108 | D:1      | Slain by a hobgoblin

Vault maps used:
D:1:      dpeg_arrival_fog, minmay_misc_feat_alley

Action                   || total
-------------------------++-------
Melee: Club              ||     9
 Cast: Magic Dart        ||     6
  Use: Scroll            ||     1
